 Dungeon Crawl Stone Soup version 0.30-a0-368-g86fb4627a9 (webtiles) character file.

Game seed: 7059308895083424547

58 oldriver the Magician (level 3, -5/27 HPs)
             Began as a Mummy Necromancer on Nov 19, 2022.
             Slain by a phantom (7 damage)
             ... on level 2 of the Dungeon.
             The game lasted 00:01:39 (1870 turns).

oldriver the Magician (Mummy Necromancer)           Turns: 1870, Time: 00:01:39

Health: -5/27      AC:  2    Str: 11    XL:     3   Next: 75%
Magic:  8/8        EV: 12    Int: 16    God:
Gold:   90         SH:  0    Dex: 12    Spells: 6/10 levels left

rFire   x . .      SeeInvis .    g - +0 spear
rCold   + . .      Faith    +    (no shield)
rNeg    + + +      Spirit   .    a - +0 robe
rPois   ∞          Reflect  .    (no helmet)
rElec   .          Harm     .    (no cloak)
rCorr   .          Rampage  .    (no gloves)
Will    .....                    (no boots)
Stlth   ++........               (no amulet)
HPRegen 0.24/turn                (no ring)
MPRegen 0.11/turn                (no ring)

@: no status effects
A: cold resistance 1, negative energy resistance 3, torment resistance 2, heat
vulnerability 1, in touch with death 1, no potions, faith
a: no special abilities


You were on level 2 of the Dungeon.
You visited 1 branch of the dungeon, and saw 3 of its levels.

You collected 90 gold pieces.

Inventory:

Hand Weapons
 g - a +0 spear (weapon)
Armour
 a - a +0 robe (worn)
Jewellery
 i - a +4 ring of slaying
Scrolls
 b - a scroll of teleportation {unknown}
 c - 3 scrolls of magic mapping {unknown}
 d - 4 scrolls of identify
 e - 2 scrolls of fog {unknown}
 f - a scroll of silence
 h - a scroll of immolation {unknown}
 j - a scroll of poison {unknown}


   Skills:
 + Level 2.2 Fighting
 - Level 1.5 Dodging
 - Level 1.5 Stealth
 + Level 4.1 Spellcasting
 - Level 4.0 Necromancy


You had 6 spell levels left.
You knew the following spells:

 Your Spells              Type           Power      Damage    Failure   Level
a - Necrotise             Necr           96%        1d8       3%          1
b - Vampiric Draining     Necr           24%        2d7       10%         3

Your spell library contained the following spells:

 Spells                   Type           Power      Damage    Failure   Level
 Ensorcelled Hibernation  Hex/Ice        6%         N/A       26%         2
 Animate Dead             Necr           24%        N/A       32%         4
 Anguish                  Hex/Necr       7%         N/A       58%         4
 Agony                    Necr           24%        N/A       65%         5
 Spider Form              Tmut/Pois      Unusable   N/A       N/A         3

Dungeon Overview and Level Annotations

Branches:
Dungeon (3/15)

Altars:

Shops:
D:1 ?


Innate Abilities, Weirdness & Mutations

You are immune to poison.
Your flesh is cold resistant. (rC+)
You are immune to negative energy. (rN+++)
You are immune to unholy pain and torment.
You are vulnerable to heat. (rF-)
You are in touch with the powers of death.
You do not drink.
You have a special connection with the divine. (Faith)


Message History

The phantom is heavily damaged.
The phantom barely misses you.
You hit the phantom but do no damage.
The phantom is heavily damaged.
The phantom misses you. The phantom hits you.
* * * LOW HITPOINT WARNING * * *
You hit the phantom.
The phantom is heavily damaged.
The phantom barely misses you.
You aren't carrying any items that you can evoke.
As you read the scroll labelled FUKHIFOIFA, it crumbles to dust.
It is a scroll of identify.
f - a scroll of silence The phantom barely misses you.
Okay, then.
You barely miss the phantom.
The phantom is heavily damaged.
The phantom barely misses you.
Unknown command.
Sorry, you're not good enough to have a special ability.
You aren't carrying any items that you can evoke.
You hit the phantom but do no damage.
The phantom is heavily damaged.
The phantom hits you.
* * * LOW HITPOINT WARNING * * *
You completely miss the phantom.
The phantom is heavily damaged.
The phantom hits you.
* * * LOW HITPOINT WARNING * * *
The phantom blinks!
You blink.
You barely miss the phantom.
The phantom is heavily damaged.
The phantom barely misses you.
You hit the phantom but do no damage.
The phantom is heavily damaged.
The phantom hits you but does no damage.
You closely miss the phantom.
The phantom is heavily damaged.
The phantom hits you!
You die...

.......######...##.###########.#
.......# ##..##.#.......# #.#
.......# #>###.#.....#.# #.##
###....# #.# #.#####.#.# #... #
#....##### #.# #......<#.# ####
# ###......# #.# #####.###.#
##########.###.# #.#...#
.......[.......#######.#.###
##########......@W..##.#.#
##########.##.#.#
#.##.#.######## #.##.#.........
#.##......##### #.#######.#
#.#######.# #.........#
#########.#


You could see a phantom.

Vanquished Creatures
  A gnoll (D:1)
  An adder (D:2)
  A dart slug (D:2)
  2 ball pythons
  6 bats
  4 endoplasms
  A goblin (D:1)
  7 hobgoblins
  3 quokkas (D:1)
  A frilled lizard (D:1)
  2 kobolds (D:1)
  3 rats
32 creatures vanquished.

Vanquished Creatures (collateral kills)
  A bat (D:2)
1 creature vanquished.

Vanquished Creatures (others)
  4 plants (D:2)
4 creatures vanquished.

Grand Total: 37 creatures vanquished

Notes
Turn   | Place    | Note
-------+----------+-------------------------------------------
     0 | D:1      | oldriver the Mummy Necromancer began the quest for the Orb.
     0 | D:1      | Reached XP level 1. HP: 13/13 MP: 4/4
   142 | D:1      | Reached skill level 1 in Fighting
   158 | D:1      | Reached XP level 2. HP: 20/21 MP: 0/6
   253 | D:1      | Found Wyhuwnen's Magic Scroll Emporium.
   947 | D:1      | Gained mutation: You are in touch with the powers of death.
                  | [Mummy growth]
   947 | D:1      | Reached XP level 3. HP: 12/27 MP: 0/8
  1154 | D:2      | Learned a level 3 spell: Vampiric Draining
  1844 | D:3      | Noticed a phantom
  1865 | D:2      | HP: 1/27 [phantom (2)]
  1870 | D:2      | Slain by a phantom

Illustrated notes

Levels and vault maps discovered:
D:1:      evilmike_arrival_crescent, layout_basic, serial_shops,
          nicolae_square_shop
D:2:      layout_basic, serial_bayou, serial_bayou_ford_a, serial_bayou_lake_a,
          serial_bayou_lagoon_a, serial_bayou_pond_a, minmay_pentomino_u2
D:3:      layout_loops_ring, tso_oasis_becter, chequers_serial_rivers_marsh

Skill      XL: |  1  2  3 |
---------------+----------+-----
Spellcasting   | 3 4 |  4.1
Fighting       | 1 2 |  2.2
Dodging        | |  1.5
Stealth        | |  1.5
Necromancy     | |  4.0

Action                   || total
-------------------------++-------
Melee: Unarmed           ||    14
       Spear             ||    37
 Cast: Necrotise         ||    57
  Use: Scroll            ||     1
Armor: Robe              ||    11
Dodge: Dodged            ||    44

Table legend: (Time is in decaauts)
 A = Elapsed time spent in this place.
 B = Non-inter-level travel time spent in this place.
 C = Inter-level travel time spent in this place.
 D = Time resting spent in this place.
 E = Time spent auto-exploring this place.
 F = Levels seen in this place.
 G = Mean time per level.
                   A        B        C        D        E       F      G
               +--------+--------+--------+--------+--------+-----+--------+
         Total |   1934 |   1898 |     36 |     53 |   1572 |   3 |  644.7 |
       Dungeon |   1934 |   1898 |     36 |     53 |   1572 |   3 |  644.7 |
               +--------+--------+--------+--------+--------+-----+--------+

Top non-repeatable levels by time:
     D:1: 1030 daAuts
     D:2: 896 daAuts
     D:3: 7 daAuts
